AoeStats
← Blazing Cartesia, The Virtuous

Arabia

503991366Analyzed
1v1 RM · 1mo ago on Sep 3, 2026· 50m 54s· 2 players
Game mode
Random Map
Map size
Tiny (2 player)
Population
200
Speed
Normal
Resources
Standard
Victory
Conquest
Starting age
Dark Age
Ending age
Imperial Age
RankedLock teamsTeams togetherTeam positionsShared explorationLock speedFull tech treeHidden civsTurbo modeCheats
Victory
Defeat
1160
+16
🇹🇷 Bengalis · Türkiye
1162
-16
Blazing Cartesia, The Virtuous
6:55 Loom
9:31 Feudal Age
9:58 Double-Bit Axe
11:18 Horse Collar
15:55 Bloodlines
18:27 Fletching
22:07 Wheelbarrow
24:39 Castle Age
23:50 Gold Mining
24:35 Forging
24:31 Scale Barding Armor
25:54 Bow Saw
25:48 Heavy Plow
26:50 Chain Barding Armor
27:07 Husbandry
31:25 Light Cavalry
39:23 Imperial Age
37:10 Hand Cart
37:50 Iron Casting
37:21 Devotion
38:32 Stone Mining
41:09 Masonry
42:06 Elite Keshik
43:57 Plate Barding Armor
45:41 Hussar
c1vandex
6:22 Loom
7:10 Loom
9:47 Feudal Age
15:54 Fletching
17:55 Double-Bit Axe
21:35 Castle Age
20:40 Padded Archer Armor
22:52 Bow Saw
24:23 Horse Collar
25:10 Heavy Plow
25:26 Town Watch
30:57 Wheelbarrow
33:22 Hand Cart
34:40 Bodkin Arrow
35:02 Leather Archer Armor
37:50 Imperial Age
34:47 Crossbowman
35:45 Gold Mining
37:50 Gold Shaft Mining
38:45 Arbalester
40:20 Scale Barding Armor
40:16 Bracer
40:29 Forging
41:09 Bloodlines
41:00 Husbandry
40:20 Light Cavalry
46:30 Chain Barding Armor
46:41 Ring Archer Armor
46:47 Iron Casting
46:57 Ballistics
47:37 Chemistry
48:06 Plate Barding Armor
Connection lost

Rejoining the realm…

Still unreachable

The connection could not be restored.

Session expired

The server has moved on; the page needs a fresh start.